[Event "1st SOA-GM Festival 2024"]
[Site "Bhubaneswar"]
[Date "2024.02.01"]
[Round "6.15"]
[White "Tologon tegin, Semetei"]
[Black "Aquino, Jethro Dino"]
[Result "1-0"]
[WhiteElo "2384"]
[BlackElo "2166"]
[PlyCount "73"]
[EventDate "2024.02.01"]
[EventType "swiss"]
[EventCountry "IND"]
[TimeControl "5400+30"]

1. c4 Nf6 2. g3 c5 3. Bg2 d5 4. cxd5 Nxd5 5. Qb3 e6 6. Nc3 Nb6 7. d3 Nc6 8. Bxc6+ bxc6 9. Nf3 Nd5 10. O-O Be7 11. Bd2 Qb6 12. Qc2 Nxc3 13. Bxc3 f6 14. Rfc1 e5 15. Bd2 Bg4 16. Be3 Bxf3 17. exf3 O-O 18. Bxc5 Bxc5 19. Qxc5 Rac8 20. b3 Rfd8 21. Qc4+ Kh8 22. Rc3 c5 23. Rac1 Rc7 24. Qa4 h6 25. f4 Qd6 26. fxe5 Qxe5 27. Qb5 Qe2 28. a4 Rcd7 29. Qxc5 Rxd3 30. Rxd3 Qxd3 31. b4 Qb3 32. a5 Re8 33. a6 Re5 34. Qxa7 Qxb4 35. Qb7 Rb5 36. Qc8+ Kh7 37. a7 1-0

[Event "1st SOA-GM Festival 2024"]
[Site "Bhubaneswar"]
[Date "2024.02.01"]
[Round "6.16"]
[White "Gonzales, Jayson"]
[Black "Patil Priyanshu"]
[Result "1/2-1/2"]
[WhiteElo "2367"]
[BlackElo "2022"]
[PlyCount "70"]
[EventDate "2024.02.01"]
[EventType "swiss"]
[EventCountry "IND"]
[TimeControl "5400+30"]

1. d4 Nf6 2. Nf3 g6 3. g3 Bg7 4. Bg2 c5 5. d5 d6 6. O-O O-O 7. c4 b5 8. cxb5 a6 9. b6 Nbd7 10. Nc3 Nxb6 11. e4 Nfd7 12. Bf4 a5 13. Re1 Nc4 14. Qc2 Ba6 15. Bf1 Nce5 16. Nxe5 Nxe5 17. Bxe5 Bxe5 18. Bxa6 Rxa6 19. a4 Qd7 20. Kg2 Bxc3 21. bxc3 Rb6 22. e5 dxe5 23. Rxe5 f6 24. Re2 Qxd5+ 25. Qe4 Qxe4+ 26. Rxe4 Kf7 27. Rd1 Rb7 28. Rd5 Rc8 29. Kf3 f5 30. Ree5 Rb3 31. Rxc5 Rxc3+ 32. Rxc3 Rxc3+ 33. Kg2 Ra3 34. Rxa5 e5 35. Ra7+ Kf6 1/2-1/2

[Event "1st SOA-GM Festival 2024"]
[Site "Bhubaneswar"]
[Date "2024.02.01"]
[Round "6.17"]
[White "Barath Kalyan M"]
[Black "Liyanage, Ranindu Dilshan"]
[Result "1/2-1/2"]
[WhiteElo "2040"]
[BlackElo "2366"]
[PlyCount "66"]
[EventDate "2024.02.01"]
[EventType "swiss"]
[EventCountry "IND"]
[TimeControl "5400+30"]

1. b3 e5 2. Bb2 Nc6 3. c4 Nge7 4. e3 d5 5. cxd5 Nxd5 6. a3 Be6 7. Qc2 Qd7 8. Nf3 f6 9. b4 O-O-O 10. b5 Na5 11. d4 e4 12. Nfd2 f5 13. Nc3 Nb6 14. Na4 Qf7 15. Rc1 Kb8 16. Nc5 Bxc5 17. dxc5 Nb3 18. cxb6 Rxd2 19. Qxc7+ Ka8 20. Bxg7 Rhd8 21. Bd4 Qe8 22. Bc4 Nxd4 23. exd4 R2xd4 24. Bxe6 Qxe6 25. O-O axb6 26. a4 e3 27. fxe3 Qxe3+ 28. Kh1 R4d7 29. Qf4 Qxf4 30. Rxf4 Rd1+ 31. Rf1 Rxc1 32. Rxc1 Rd4 33. g3 f4 1/2-1/2

[Event "1st SOA-GM Festival 2024"]
[Site "Bhubaneswar"]
[Date "2024.02.01"]
[Round "6.18"]
[White "Abhay Bandewar"]
[Black "Laxman, R.R."]
[Result "1/2-1/2"]
[WhiteElo "2025"]
[BlackElo "2338"]
[PlyCount "74"]
[EventDate "2024.02.01"]
[EventType "swiss"]
[EventCountry "IND"]
[TimeControl "5400+30"]

1. d4 d5 2. c4 e6 3. Nf3 Nf6 4. g3 Bb4+ 5. Bd2 Be7 6. Bg2 O-O 7. O-O Nbd7 8. Qc2 Ne4 9. Bf4 c6 10. h4 h6 11. Ne5 Nd6 12. Nd2 g5 13. hxg5 hxg5 14. Nxd7 Bxd7 15. Bxd6 Bxd6 16. e4 Kg7 17. c5 Bc7 18. e5 f6 19. f4 fxe5 20. fxe5 Qe7 21. b4 b6 22. Rxf8 Rxf8 23. Rf1 bxc5 24. bxc5 Be8 25. Nf3 Bd8 26. Nh2 Rxf1+ 27. Bxf1 Qb7 28. a3 Bg6 29. Bd3 Bxd3 30. Qxd3 Qb5 31. Qxb5 cxb5 32. Kf2 a5 33. Ke2 a4 34. Kd3 Kf7 35. g4 Ba5 36. Nf3 Kg6 37. Nd2 Kf7 1/2-1/2

[Event "1st SOA-GM Festival 2024"]
[Site "Bhubaneswar"]
[Date "2024.02.01"]
[Round "6.19"]
[White "Rajesh, V A V"]
[Black "Daaevik Wadhawan"]
[Result "1-0"]
[WhiteElo "2331"]
[BlackElo "1997"]
[PlyCount "95"]
[EventDate "2024.02.01"]
[EventType "swiss"]
[EventCountry "IND"]
[TimeControl "5400+30"]

1. d4 Nf6 2. c4 g6 3. Nc3 d5 4. Nf3 Bg7 5. Qb3 dxc4 6. Qxc4 O-O 7. e4 a6 8. e5 b5 9. Qb3 Nfd7 10. e6 Nb6 11. exf7+ Kh8 12. Be3 Nc6 13. Rd1 Na5 14. Qc2 Nac4 15. Ne5 Nxe3 16. fxe3 Qd6 17. Nf3 Rxf7 18. Bd3 Bg4 19. O-O Bxf3 20. gxf3 e5 21. Ne4 Qe7 22. dxe5 Qxe5 23. b3 Re8 24. f4 Qe6 25. Kh1 Qd5 26. Kg1 Qe6 27. Rf3 Rfe7 28. Ng5 Qf6 29. e4 Qd4+ 30. Kg2 Qb4 31. Rh3 Bf6 32. Nxh7 Rxh7 33. Rxh7+ Kxh7 34. Qxc7+ Be7 35. Qxb6 Bc5 36. Qc6 Qd4 37. e5 Qf2+ 38. Kh1 Re6 39. Qe4 Kg7 40. Rf1 Qe3 41. Qd5 Re7 42. Bb1 Qe2 43. Bd3 Qe3 44. f5 Rxe5 45. Qd7+ Kh6 46. Qf7 gxf5 47. Qf6+ Kh5 48. Bxf5 1-0

[Event "1st SOA-GM Festival 2024"]
[Site "Bhubaneswar"]
[Date "2024.02.01"]
[Round "6.20"]
[White "Roneet Das"]
[Black "Frayna, Janelle Mae"]
[Result "1/2-1/2"]
[WhiteElo "2018"]
[BlackElo "2197"]
[PlyCount "64"]
[EventDate "2024.02.01"]
[EventType "swiss"]
[EventCountry "IND"]
[TimeControl "5400+30"]

1. d4 g6 2. e4 Bg7 3. Nf3 d6 4. Bf4 Nf6 5. Nc3 O-O 6. h3 c5 7. e5 Nh5 8. Bh2 cxd4 9. Qxd4 Nc6 10. Qe3 dxe5 11. Nxe5 Nb4 12. Rc1 Nd5 13. Qd2 Nxc3 14. Qxc3 Qd5 15. Rd1 Qe4+ 16. Qe3 Qxc2 17. Bd3 Qxb2 18. O-O Be6 19. Rb1 Qc2 20. Rfd1 Qb2 21. Rf1 Qxa2 22. Ra1 Qd5 23. Bc4 Qd8 24. Bxe6 fxe6 25. Rxa7 Qd5 26. Nf3 Bd4 27. Nxd4 Rxa7 28. Nxe6 Ra6 29. Nc7 Qf7 30. Nxa6 bxa6 31. Kh1 Nf4 32. Kg1 a5 1/2-1/2

[Event "1st SOA-GM Festival 2024"]
[Site "Bhubaneswar"]
[Date "2024.02.01"]
[Round "7.1"]
[White "Tahbaz, Arash"]
[Black "Vignesh Advaith Vemula"]
[Result "1/2-1/2"]
[ECO "E18"]
[WhiteElo "2425"]
[BlackElo "2028"]
[Annotator "ChessBase"]
[PlyCount "60"]
[EventDate "2024.02.01"]
[EventType "swiss"]
[EventCountry "IND"]
[SourceTitle "playchess.com"]
[Source "ChessBase"]
[SourceQuality "1"]
[TimeControl "5400+30"]

1. Nf3 d5 2. g3 Nf6 3. Bg2 e6 4. O-O Be7 5. d4 O-O 6. c4 b6 7. cxd5 exd5 8. Nc3 Na6 9. Bf4 Bb7 10. Rc1 c5 11. Ne5 Nc7 12. dxc5 bxc5 13. Qa4 Ne6 14. Rfd1 a5 15. Rd2 Nxf4 16. gxf4 Rb8 17. Nxd5 Bxd5 18. Bxd5 Nxd5 19. Qc4 Rb4 20. Qxd5 Qxd5 21. Rxd5 Rxb2 22. Nc6 Bf6 23. Kf1 Rxa2 24. Rdxc5 a4 25. Ra5 g6 26. Nb4 Ra3 27. Rc4 Rd8 28. Nd5 Bb2 29. Rb4 Ra1+ 30. Kg2 a3 1/2-1/2

[Event "1st SOA-GM Festival 2024"]
[Site "Bhubaneswar"]
[Date "2024.02.01"]
[Round "7.2"]
[White "Subhayan Kundu"]
[Black "Soham Kamotra"]
[Result "1/2-1/2"]
[ECO "B12"]
[WhiteElo "2385"]
[BlackElo "2348"]
[Annotator "ChessBase"]
[PlyCount "67"]
[EventDate "2024.02.01"]
[EventType "swiss"]
[EventCountry "IND"]
[SourceTitle "playchess.com"]
[Source "ChessBase"]
[SourceQuality "1"]
[TimeControl "5400+30"]

1. e4 c6 2. d4 d5 3. e5 c5 4. Nf3 cxd4 5. Nxd4 Nc6 6. Nxc6 bxc6 7. Bd3 e6 8. O-O a5 9. Nd2 Ne7 10. Re1 Ba6 11. c4 Ng6 12. Qa4 Qb6 13. Nf3 Bb4 14. Be3 Qb7 15. Rec1 O-O 16. Qc2 Be7 17. h4 f5 18. exf6 Bxf6 19. h5 Ne5 20. Bxh7+ Kh8 21. Nxe5 Bxe5 22. Rab1 Qe7 23. g3 Bxc4 24. b3 d4 25. Bd2 Bd5 26. Be4 Qf7 27. f4 Bd6 28. Bxd5 cxd5 29. Qd3 e5 30. Rc6 Bb4 31. h6 g5 32. Re1 Bxd2 33. Qxd2 gxf4 34. Rxe5 1/2-1/2

[Event "1st SOA-GM Festival 2024"]
[Site "Bhubaneswar"]
[Date "2024.02.01"]
[Round "7.3"]
[White "Ayush Sharma"]
[Black "Ghosh, Diptayan"]
[Result "1/2-1/2"]
[ECO "C60"]
[WhiteElo "2378"]
[BlackElo "2568"]
[Annotator "ChessBase"]
[PlyCount "60"]
[EventDate "2024.02.01"]
[EventType "swiss"]
[EventCountry "IND"]
[SourceTitle "playchess.com"]
[Source "ChessBase"]
[SourceQuality "1"]
[TimeControl "5400+30"]

1. e4 e5 2. Nf3 Nc6 3. Bb5 a6 4. Ba4 Nge7 5. O-O Ng6 6. d4 exd4 7. Nxd4 Bc5 8. Nf5 O-O 9. Be3 Bxe3 10. Nxe3 b5 11. Bb3 Na5 12. Nc3 Nxb3 13. cxb3 Bb7 14. Rc1 Re8 15. Qg4 d6 16. Rfd1 Rc8 17. a4 h6 18. Kh1 Bc6 19. axb5 axb5 20. f3 Qf6 21. Rc2 Ne7 22. Ne2 Red8 23. h4 Bd7 24. Qf4 Qxf4 25. Nxf4 Be6 26. Rd3 Kf8 27. b4 Ke8 28. g4 c5 29. Nh5 c4 30. Nxg7+ Kf8 1/2-1/2

[Event "1st SOA-GM Festival 2024"]
[Site "Bhubaneswar"]
[Date "2024.02.01"]
[Round "7.4"]
[White "Audi Ameya"]
[Black "Das, Sayantan"]
[Result "0-1"]
[ECO "C13"]
[WhiteElo "2385"]
[BlackElo "2514"]
[Annotator "ChessBase"]
[PlyCount "160"]
[EventDate "2024.02.01"]
[EventType "swiss"]
[EventCountry "IND"]
[SourceTitle "playchess.com"]
[Source "ChessBase"]
[SourceQuality "1"]
[TimeControl "5400+30"]

1. e4 e6 2. d4 d5 3. Nc3 Nf6 4. Bg5 dxe4 5. Nxe4 Be7 6. Bxf6 gxf6 7. Qd2 b6 8. O-O-O Bb7 9. Qe3 f5 10. Nc3 c6 11. Nh3 Nd7 12. Be2 h5 13. Nf4 Bg5 14. Kb1 Qe7 15. h4 Bh6 16. Qg3 O-O-O 17. Nxh5 Rhg8 18. Qh3 Nf6 19. Nxf6 Qxf6 20. g4 fxg4 21. Bxg4 Qf4 22. Bh5 c5 23. d5 Kb8 24. Qf3 Qxf3 25. Bxf3 Bg7 26. Rh3 Bxc3 27. bxc3 exd5 28. Rg3 Rh8 29. Rg4 Bc8 30. Rf4 Be6 31. h5 Kc7 32. a3 Kd6 33. Re1 Rdg8 34. Kc1 Rh6 35. Kd2 Rg5 36. Re3 Rg1 37. Re1 Rxe1 38. Kxe1 Ke5 39. Rh4 Kf5 40. Rh1 Kf4 41. Ke2 d4 42. Rh4+ Kg5 43. Rh1 dxc3 44. Kd3 Rf6 45. Rg1+ Kh6 46. Rg3 Rf4 47. Kxc3 b5 48. Kb2 b4 49. c3 b3 50. Kc1 a5 51. Kb2 a4 52. Kc1 Bf5 53. Kb2 Be4 54. Bxe4 Rxe4 55. Rf3 Re2+ 56. Kb1 Re1+ 57. Kb2 Re2+ 58. Kb1 Rc2 59. Rf4 Rxc3 60. Rxa4 c4 61. Ra5 Rd3 62. Rb5 Rd1+ 63. Kb2 Rd2+ 64. Kb1 Rxf2 65. a4 f5 66. a5 Kxh5 67. Rc5 Kg5 68. Rxc4 Ra2 69. Rc5 Kg4 70. Rb5 f4 71. Kc1 f3 72. Rb4+ Kg3 73. Rxb3 Rxa5 74. Kd2 Re5 75. Rb8 f2 76. Rg8+ Kh2 77. Rf8 Kg1 78. Rg8+ Kf1 79. Rg7 Rd5+ 80. Kc2 Ke2 0-1

[Event "1st SOA-GM Festival 2024"]
[Site "Bhubaneswar"]
[Date "2024.02.01"]
[Round "7.5"]
[White "Shahil Dey"]
[Black "Savchenko, Boris"]
[Result "1/2-1/2"]
[ECO "A08"]
[WhiteElo "2363"]
[BlackElo "2489"]
[Annotator "ChessBase"]
[PlyCount "97"]
[EventDate "2024.02.01"]
[EventType "swiss"]
[EventCountry "IND"]
[SourceTitle "playchess.com"]
[Source "ChessBase"]
[SourceQuality "1"]
[TimeControl "5400+30"]

1. Nf3 Nf6 2. g3 c5 3. Bg2 g6 4. O-O d5 5. c4 d4 6. b4 cxb4 7. Qa4+ Bd7 8. Qxb4 Nc6 9. Qb3 Bg7 10. Bb2 Ne4 11. d3 Nc5 12. Qa3 b6 13. Nbd2 e5 14. Nb3 Ne6 15. Bc1 Bf8 16. Qb2 Bg7 17. a4 O-O 18. Qd2 Qb8 19. Ba3 Rc8 20. Ng5 Bh6 21. f4 exf4 22. Nxe6 fxe6 23. gxf4 Qc7 24. Bxc6 Bxc6 25. Nxd4 Bb7 26. e4 e5 27. Nb5 Qd7 28. Nd6 Rf8 29. Qe2 Rxf4 30. Rxf4 Bxf4 31. Rf1 h5 32. Nxb7 Qxb7 33. Bc1 Bxc1 34. Rxc1 Qd7 35. a5 Rf8 36. axb6 axb6 37. Rf1 Rxf1+ 38. Kxf1 Kg7 39. Qe3 Qd6 40. Ke2 Qf6 41. c5 bxc5 42. Qxc5 g5 43. d4 exd4 44. e5 Qa6+ 45. Kd2 h4 46. Qxd4 Qa2+ 47. Ke3 Qxh2 48. Qd7+ Kh6 49. Qe6+ 1/2-1/2

[Event "1st SOA-GM Festival 2024"]
[Site "Bhubaneswar"]
[Date "2024.02.01"]
[Round "7.6"]
[White "Goutham Krishna H"]
[Black "Neelash Saha"]
[Result "1/2-1/2"]
[ECO "E61"]
[WhiteElo "2288"]
[BlackElo "2446"]
[Annotator "ChessBase"]
[PlyCount "60"]
[EventDate "2024.02.01"]
[EventType "swiss"]
[EventCountry "IND"]
[SourceTitle "playchess.com"]
[Source "ChessBase"]
[SourceQuality "1"]
[TimeControl "5400+30"]

1. d4 Nf6 2. Nf3 g6 3. c4 Bg7 4. Nc3 d6 5. Bf4 O-O 6. h3 Nbd7 7. e3 b6 8. Be2 Bb7 9. Qc2 Qe8 10. O-O e5 11. Bh2 Qe7 12. Rfd1 exd4 13. exd4 Rfe8 14. d5 Ne4 15. Nb5 Ndc5 16. Bf1 a6 17. Nbd4 Ng5 18. Rac1 Nxf3+ 19. Nxf3 a5 20. b3 Qf6 21. Nd4 Re7 22. a3 Bh6 23. Rb1 Ne4 24. Rd3 Nc5 25. Rdd1 Ne4 26. Rd3 Nc5 27. Rdd1 Ne4 28. Rd3 Nc5 29. Rdd1 Ne4 30. Rd3 Nc5 1/2-1/2

[Event "1st SOA-GM Festival 2024"]
[Site "Bhubaneswar"]
[Date "2024.02.01"]
[Round "7.7"]
[White "Sammed Jaykumar, Shete"]
[Black "Panda Sambit"]
[Result "0-1"]
[ECO "B12"]
[WhiteElo "2441"]
[BlackElo "2404"]
[Annotator "ChessBase"]
[PlyCount "80"]
[EventDate "2024.02.01"]
[EventType "swiss"]
[EventCountry "IND"]
[SourceTitle "playchess.com"]
[Source "ChessBase"]
[SourceQuality "1"]
[TimeControl "5400+30"]

1. e4 c6 2. d4 d5 3. e5 Bf5 4. Nf3 e6 5. Be2 c5 6. c3 Nc6 7. O-O Bg6 8. a3 Be7 9. dxc5 Bxc5 10. b4 Bb6 11. Bb2 Nh6 12. c4 O-O 13. c5 Bc7 14. b5 Nb8 15. Nbd2 Nd7 16. c6 bxc6 17. bxc6 Nc5 18. Bd4 Ne4 19. Ba6 Nf5 20. Bb7 Bh5 21. Qa4 Nxd2 22. Nxd2 Qh4 23. Bxa8 Nxd4 24. Kh1 Bxe5 25. g3 Qe4+ 26. f3 Qe2 27. Qd1 Qxd1 28. Raxd1 Rxa8 29. g4 Bg6 30. f4 Bd6 31. f5 exf5 32. Nb1 fxg4 33. Rxd4 Be4+ 34. Rxe4 dxe4 35. Rd1 Be5 36. Rd5 f6 37. Kg2 Rc8 38. Rc5 Kf7 39. Nd2 e3 40. Nc4 Bd4 0-1

[Event "1st SOA-GM Festival 2024"]
[Site "Bhubaneswar"]
[Date "2024.02.01"]
[Round "7.8"]
[White "Nilssen, Ellen Fredericia"]
[Black "Fawzy, Adham"]
[Result "0-1"]
[ECO "B31"]
[WhiteElo "2184"]
[BlackElo "2522"]
[Annotator "ChessBase"]
[PlyCount "90"]
[EventDate "2024.02.01"]
[EventType "swiss"]
[EventCountry "IND"]
[SourceTitle "playchess.com"]
[Source "ChessBase"]
[SourceQuality "1"]
[TimeControl "5400+30"]

1. e4 c5 2. Nf3 Nc6 3. Bb5 g6 4. O-O Bg7 5. c3 Nf6 6. Re1 O-O 7. d4 a6 8. Bxc6 dxc6 9. Qc2 cxd4 10. cxd4 Bg4 11. Nbd2 e5 12. Nxe5 Qxd4 13. Ndf3 Qb4 14. Bd2 Qb6 15. Be3 Qc7 16. Bc5 Rfd8 17. Rad1 Be6 18. Nc4 Rxd1 19. Rxd1 Rd8 20. Bd6 Qd7 21. Rd2 Qe8 22. Bb4 c5 23. Rxd8 Qxd8 24. Ba5 Qe8 25. Nfd2 b5 26. Ne3 Qc6 27. b3 Nh5 28. Bb4 Bf8 29. Nf3 Nf6 30. Nd2 Bc8 31. Bc3 Bb7 32. f3 Qd6 33. Ndf1 Ne8 34. Ng3 h5 35. Bb2 Qb6 36. Kf1 Bg7 37. Bxg7 Nxg7 38. Qd2 Qf6 39. Ne2 Bxe4 40. Nc3 Bb7 41. Ncd5 Qd6 42. Ke2 Kf8 43. g3 Ne6 44. Nf4 Bxf3+ 45. Ke1 Qxd2+ 0-1

[Event "1st SOA-GM Festival 2024"]
[Site "Bhubaneswar"]
[Date "2024.02.01"]
[Round "7.9"]
[White "Ritviz, Parab"]
[Black "Rajesh, V A V"]
[Result "1/2-1/2"]
[ECO "C54"]
[WhiteElo "2391"]
[BlackElo "2331"]
[Annotator "ChessBase"]
[PlyCount "82"]
[EventDate "2024.02.01"]
[EventType "swiss"]
[EventCountry "IND"]
[SourceTitle "playchess.com"]
[Source "ChessBase"]
[SourceQuality "1"]
[TimeControl "5400+30"]

1. e4 e5 2. Nf3 Nc6 3. Bc4 Bc5 4. O-O Nf6 5. d3 d6 6. c3 h6 7. Re1 Qe7 8. Nbd2 a6 9. Nf1 Be6 10. b4 Ba7 11. Be3 O-O 12. Bxa7 Nxa7 13. Ne3 c6 14. Bb3 Nb5 15. Bxe6 Qxe6 16. a4 Nc7 17. a5 Rad8 18. Nc4 Rfe8 19. Qd2 Nh5 20. Nh4 d5 21. exd5 Qxd5 22. Rad1 Nf4 23. Nxe5 Rxe5 24. Qxf4 Rxe1+ 25. Rxe1 Ne6 26. Qe3 Qxd3 27. g3 Qc4 28. Qe5 Qd5 29. Nf5 Qf3 30. Nh4 Qd5 31. Nf5 Qxe5 32. Rxe5 Rd3 33. Re3 Rd1+ 34. Kg2 Kf8 35. Re4 Rd5 36. Nd4 Ke7 37. Kf3 c5 38. Nxe6 fxe6 39. Ke3 Kd6 40. h4 cxb4 41. cxb4 Ke7 1/2-1/2

[Event "1st SOA-GM Festival 2024"]
[Site "Bhubaneswar"]
[Date "2024.02.01"]
[Round "7.10"]
[White "John Veny Akkarakaran"]
[Black "Tologon tegin, Semetei"]
[Result "1/2-1/2"]
[ECO "B82"]
[WhiteElo "2112"]
[BlackElo "2384"]
[Annotator "ChessBase"]
[PlyCount "204"]
[EventDate "2024.02.01"]
[EventType "swiss"]
[EventCountry "IND"]
[SourceTitle "playchess.com"]
[Source "ChessBase"]
[SourceQuality "1"]
[TimeControl "5400+30"]

1. e4 c5 2. Nf3 e6 3. d4 cxd4 4. Nxd4 Nc6 5. Nc3 Qc7 6. Be3 a6 7. a3 Nf6 8. f4 d6 9. Qf3 Bd7 10. O-O-O h5 11. h3 Rc8 12. Bd3 h4 13. Kb1 b5 14. Nxc6 Bxc6 15. Rhe1 Qb7 16. Bd4 Nd7 17. Nd5 Nc5 18. Qg4 Rh7 19. f5 Nxd3 20. Rxd3 e5 21. Bc3 Bxd5 22. Rxd5 Rc4 23. Red1 Qc7 24. Qf3 Be7 25. Qg4 Kf8 26. R1d3 Rh6 27. Bd2 Rh8 28. Rc3 Rxc3 29. Bxc3 g6 30. f6 Bxf6 31. Rxd6 Kg7 32. Rxa6 Rd8 33. Ba5 Qc8 34. Bxd8 Qxa6 35. Bxf6+ Qxf6 36. Qe2 Qc6 37. Kc1 Qc5 38. c3 f5 39. Kc2 Kf6 40. Kb3 Qc6 41. c4 bxc4+ 42. Qxc4 Qb6+ 43. Ka2 Qf2 44. a4 Qxg2 45. a5 fxe4 46. Qc6+ Kg5 47. a6 Qd2 48. Qc5 Kf4 49. a7 Qd8 50. Qf2+ Kg5 51. Qe3+ Kf5 52. b4 Qd5+ 53. Ka3 Qb7 54. b5 g5 55. Kb4 g4 56. Qf2+ Kg5 57. Qe3+ Kf5 58. hxg4+ Kxg4 59. Qg1+ Kf3 60. Qf1+ Kg3 61. Qg1+ Kf3 62. b6 h3 63. Qf1+ Kg3 64. Qg1+ Kf3 65. Kc5 Qe7+ 66. Kb5 Qd7+ 67. Kc5 Qe7+ 68. Kd5 Qd7+ 69. Kxe5 Qe7+ 70. Kd5 Qd7+ 71. Kc5 Qe7+ 72. Kb5 Qd7+ 73. Ka5 Qd5+ 74. Kb4 Qd2+ 75. Kb5 Qd7+ 76. Kb4 Qd2+ 77. Kc5 Qc3+ 78. Kb5 Qb3+ 79. Kc5 Qc3+ 80. Kd5 Qb3+ 81. Kd6 Qd3+ 82. Kc6 Qc4+ 83. Qc5 Qxc5+ 84. Kxc5 h2 85. a8=Q h1=Q 86. Qa3+ Kf4 87. b7 Qh8 88. Qb4 Qb8 89. Qd2+ Kf3 90. Qd1+ Kf2 91. Qc2+ Kf3 92. Qd1+ Kf2 93. Kb6 e3 94. Qd4 Kf3 95. Qf6+ Kg2 96. Qg5+ Kf2 97. Qf5+ Kg2 98. Qc2+ Kf1 99. Qf5+ Kg2 100. Qc8 Qd6+ 101. Qc6+ Qxc6+ 102. Kxc6 e2 1/2-1/2

[Event "1st SOA-GM Festival 2024"]
[Site "Bhubaneswar"]
[Date "2024.02.01"]
[Round "7.11"]
[White "Vrashank Chouhan"]
[Black "Nguyen Van Huy"]
[Result "0-1"]
[ECO "E27"]
[WhiteElo "2046"]
[BlackElo "2364"]
[Annotator "ChessBase"]
[PlyCount "58"]
[EventDate "2024.02.01"]
[EventType "swiss"]
[EventCountry "IND"]
[SourceTitle "playchess.com"]
[Source "ChessBase"]
[SourceQuality "1"]
[TimeControl "5400+30"]

1. d4 Nf6 2. c4 e6 3. Nc3 Bb4 4. f3 O-O 5. a3 Bxc3+ 6. bxc3 Ne8 7. e4 b6 8. h4 Nc6 9. h5 Ba6 10. h6 g6 11. Qa4 Na5 12. c5 Bxf1 13. Kxf1 d5 14. exd5 Qxd5 15. Ne2 Nf6 16. Bf4 Qc4 17. Qxc4 Nxc4 18. Bxc7 bxc5 19. Bg3 cxd4 20. cxd4 Nd5 21. Kf2 Rfc8 22. Rhc1 f6 23. Rcb1 Ncb6 24. Rb2 Rc6 25. Raa2 Kf7 26. Rc2 Rac8 27. Rxc6 Rxc6 28. Rb2 g5 29. Rb5 Rc2 0-1

[Event "1st SOA-GM Festival 2024"]
[Site "Bhubaneswar"]
[Date "2024.02.01"]
[Round "7.12"]
[White "Jake Shanty"]
[Black "Gonzales, Jayson"]
[Result "1/2-1/2"]
[ECO "A27"]
[WhiteElo "1903"]
[BlackElo "2367"]
[Annotator "ChessBase"]
[PlyCount "66"]
[EventDate "2024.02.01"]
[EventType "swiss"]
[EventCountry "IND"]
[SourceTitle "playchess.com"]
[Source "ChessBase"]
[SourceQuality "1"]
[TimeControl "5400+30"]

1. Nf3 g6 2. d4 Bg7 3. c4 d6 4. g3 e5 5. Nc3 exd4 6. Nxd4 Nc6 7. Nxc6 bxc6 8. Bg2 Ne7 9. Bg5 f6 10. Be3 Be6 11. O-O Qd7 12. Qd3 Bh3 13. Qe4 a5 14. b3 Kf7 15. Rad1 Rhe8 16. Bxh3 Qxh3 17. Qg2 Qe6 18. Rd3 Ra6 19. Bc1 f5 20. Re1 Ng8 21. Re3 Qd7 22. Rxe8 Qxe8 23. Bd2 Bxc3 24. Bxc3 Qe4 25. Qxe4 fxe4 26. f3 exf3 27. exf3 c5 28. Re4 a4 29. Rh4 h5 30. Rf4+ Ke7 31. Re4+ Kf7 32. Rf4+ Ke7 33. Re4+ Kf7 1/2-1/2

[Event "1st SOA-GM Festival 2024"]
[Site "Bhubaneswar"]
[Date "2024.02.01"]
[Round "7.13"]
[White "Liyanage, Ranindu Dilshan"]
[Black "Mahindrakar Indrajeet"]
[Result "1-0"]
[ECO "A06"]
[WhiteElo "2366"]
[BlackElo "2039"]
[Annotator "ChessBase"]
[PlyCount "97"]
[EventDate "2024.02.01"]
[EventType "swiss"]
[EventCountry "IND"]
[SourceTitle "playchess.com"]
[Source "ChessBase"]
[SourceQuality "1"]
[TimeControl "5400+30"]

1. Nf3 Nf6 2. b3 d5 3. e3 Bg4 4. Bb2 Nbd7 5. h3 Bxf3 6. Qxf3 e6 7. g3 Bd6 8. Bg2 Qe7 9. a3 c6 10. d3 O-O-O 11. Nd2 Kb8 12. b4 h5 13. Qe2 Nb6 14. Rb1 h4 15. g4 Nfd7 16. c4 dxc4 17. dxc4 Be5 18. O-O f5 19. b5 Bxb2 20. Rxb2 Ne5 21. gxf5 Nd3 22. Rc2 Ne5 23. Rb2 Nd3 24. Rc2 exf5 25. Qf3 cxb5 26. cxb5 Rd5 27. a4 Rhd8 28. Nb3 Nxa4 29. Nd4 g6 30. Ra1 Nb6 31. Rca2 Nc8 32. b6 Nxb6 33. Rxa7 Qe5 34. Qe2 Nc5 35. Qb2 R8d6 36. Bxd5 Qxd5 37. Nb5 Rd8 38. Nd4 Rd6 39. Nb5 Rd8 40. Nd4 Rd6 41. Nb5 Rd8 42. Qf6 Nca4 43. Nd4 Nc5 44. Nb5 Nca4 45. R7xa4 Nxa4 46. Rxa4 Rc8 47. Ra8+ Kxa8 48. Qa1+ Kb8 49. Qa7# 1-0

[Event "1st SOA-GM Festival 2024"]
[Site "Bhubaneswar"]
[Date "2024.02.01"]
[Round "7.14"]
[White "Laxman, R.R."]
[Black "Barath Kalyan M"]
[Result "1-0"]
[ECO "E63"]
[WhiteElo "2338"]
[BlackElo "2040"]
[Annotator "ChessBase"]
[PlyCount "129"]
[EventDate "2024.02.01"]
[EventType "swiss"]
[EventCountry "IND"]
[SourceTitle "playchess.com"]
[Source "ChessBase"]
[SourceQuality "1"]
[TimeControl "5400+30"]

1. d4 Nf6 2. c4 g6 3. Nf3 Bg7 4. g3 O-O 5. Bg2 d6 6. O-O Nc6 7. Nc3 a6 8. b3 Bd7 9. Bb2 Re8 10. Rc1 Rb8 11. a3 e5 12. d5 Ne7 13. Nd2 c5 14. dxc6 bxc6 15. c5 d5 16. Na4 Nc8 17. e4 Bg4 18. f3 Bd7 19. exd5 Nxd5 20. Nc4 h5 21. Re1 Qg5 22. Nc3 h4 23. Ne4 Qd8 24. b4 f5 25. Ned6 Nxd6 26. Nxd6 Re6 27. f4 hxg3 28. hxg3 e4 29. Bxg7 Kxg7 30. Qd4+ Qf6 31. Qxf6+ Kxf6 32. Bf1 Ra8 33. Bc4 Rxd6 34. cxd6 Ke6 35. Kf2 Kxd6 36. Rh1 Be6 37. Rh6 Rg8 38. Bxa6 Nf6 39. Be2 Nd5 40. Rc5 g5 41. Rxc6+ Kxc6 42. Rxe6+ Kd7 43. Re5 Ne7 44. g4 Ng6 45. Rd5+ Kc6 46. Rc5+ Kd6 47. Bc4 Ra8 48. Rxf5 Nxf4 49. Ke3 Rxa3+ 50. Kxe4 Ra4 51. Rb5 Kc6 52. Kf5 Ng2 53. Ke4 Nf4 54. Kd4 Nh3 55. Rc5+ Kb6 56. b5 Ra3 57. Rc6+ Kb7 58. Bd5 Kb8 59. Rg6 Ra1 60. Kc5 Rd1 61. Rg8+ Kc7 62. b6+ Kd7 63. b7 Rc1+ 64. Bc4 Nf4 65. Rg7+ 1-0

[Event "1st SOA-GM Festival 2024"]
[Site "Bhubaneswar"]
[Date "2024.02.01"]
[Round "7.15"]
[White "Roy Chowdhury, Saptarshi"]
[Black "Abhay Bandewar"]
[Result "1/2-1/2"]
[ECO "B31"]
[WhiteElo "2233"]
[BlackElo "2025"]
[Annotator "ChessBase"]
[PlyCount "66"]
[EventDate "2024.02.01"]
[EventType "swiss"]
[EventCountry "IND"]
[SourceTitle "playchess.com"]
[Source "ChessBase"]
[SourceQuality "1"]
[TimeControl "5400+30"]

1. e4 c5 2. Nf3 Nc6 3. Bb5 g6 4. d3 Bg7 5. O-O e5 6. Be3 Nd4 7. Bc4 d6 8. c3 Nxf3+ 9. Qxf3 Be6 10. Bxe6 fxe6 11. Qh3 Qd7 12. Nd2 Nf6 13. d4 exd4 14. cxd4 cxd4 15. Bxd4 e5 16. Qxd7+ Kxd7 17. Bc3 Bh6 18. Rfe1 Bxd2 19. Bxd2 Rac8 20. Bc3 Rc4 21. f3 Rhc8 22. Re2 Ke6 23. Rd1 R8c6 24. a3 b6 25. Kf2 Nd7 26. h4 a5 27. g4 Nc5 28. Rd5 Na4 29. Bxe5 dxe5 30. b3 Rc3 31. bxa4 Rxa3 32. Rb2 Rxa4 33. Rdb5 Rac4 1/2-1/2